AoeStats
← GdR | ChiattoneDevastante

Arena

505479038Analyzed
1v1 RM · 23d ago on Sep 9, 2026· 15m 16s· 2 players
Game mode
Random Map
Map size
Tiny (2 player)
Population
200
Speed
Normal
Resources
Standard
Victory
Conquest
Starting age
Dark Age
Ending age
Imperial Age
RankedLock teamsTeams togetherTeam positionsShared explorationLock speedFull tech treeHidden civsTurbo modeCheats
Victory
Defeat
🇨🇿 Goths · Czechia
1950
+14
1907
-14
GdR | ChiattoneDevastante
10:27 Feudal Age
14:36 Castle Age
12:30 Horse Collar
12:45 Double-Bit Axe
XalYWero
9:56 Feudal Age
14:02 Castle Age
12:09 Double-Bit Axe
12:35 Horse Collar
14:56 Bow Saw
14:47 Heavy Plow
Connection lost

Rejoining the realm…

Still unreachable

The connection could not be restored.

Session expired

The server has moved on; the page needs a fresh start.